 Dungeon Crawl Stone Soup version 0.30.1-9-gdf580d7c3d (webtiles) character file.

Game seed: 9052717921900962961

2673 ArchdukeBanana the Cleaver (level 9, -2/78 HPs)
             Began as a Hill Orc Fighter on Sept 26, 2023.
             Was a Believer of Trog.
             Killed from afar by an electric eel (8 damage)
             ... with a bolt of electricity
             ... on level 8 of the Dungeon.
             The game lasted 00:42:03 (2920 turns).

ArchdukeBanana the Cleaver (Hill Orc Fighter)       Turns: 2920, Time: 00:42:04

Health: -2/78      AC: 16    Str: 21    XL:     9   Next: 63%
Magic:  9/9        EV:  6    Int: 10    God:    Trog [**....]
Gold:   235        SH: 11    Dex: 16    Spells: 8/8 levels left

rFire   . . .        a - +3 war axe
rCold   . . .        c - +0 buckler
rNeg    . . .        x - +0 plate armour
rPois   .            n - +0 helmet
rElec   .            (no cloak)
rCorr   .            f - +1 pair of gloves
SInv    .            (no boots)
Will    .....        o - amulet of reflection Stlth
                     k - +6 ring of dexterity
HPRegen 0.33/turn    (no ring)
MPRegen 0.11/turn

%: reflection
@: no status effects
A: no striking features
a: Renounce Religion, Berserk, Trog's Hand


You were on level 8 of the Dungeon.
You worshipped Trog.
Trog was pleased with you.
You visited 1 branch of the dungeon, and saw 6 of its levels.
You also visited: Ossuary.

You collected 235 gold pieces.

Inventory:

Hand Weapons
 a - a +3 war axe (weapon)
 h - a +0 sling
 p - a +0 whip of electrocution
 C - a +3 heavy mace
Missiles
 e - 28 stones
 m - 3 poisoned darts (quivered)
 v - 6 datura-tipped darts
 y - 2 javelins
Armour
 b - a +0 scale mail
 c - a +0 buckler (worn)
 f - a +1 pair of gloves (worn)
 n - a +0 helmet (worn)
 x - a +0 plate armour (worn)
Jewellery
 k - a +6 ring of dexterity (left hand)
 o - an amulet of reflection (around neck)
Wands
 u - a wand of charming (8)
 z - a wand of polymorph (3)
Scrolls
 q - a scroll of immolation {unknown}
 w - 2 scrolls of teleportation
Potions
 d - 2 potions of might
 g - 3 potions of curing
 i - a potion of cancellation {unknown}
 j - a potion of heal wounds
 l - a potion of degeneration {unknown}
 s - a potion of ambrosia
 A - a potion of flight {unknown}
 B - a potion of resistance {unknown}
 D - a potion of brilliance {unknown}


   Skills:
 + Level 6.7 Fighting
 + Level 12.4 Axes
 + Level 1.1 Throwing
 + Level 6.5 Armour
 + Level 1.0 Dodging
 + Level 0.5 Stealth
 + Level 5.9 Shields


You had 8 spell levels left.
You didn't know any spells.
Your spell library contained the following spells:

 Spells                   Type           Power      Damage    Failure   Level
 Gell's Gravitas          Tloc           0%         N/A       100%        3
 Teleport Other           Tloc           0%         N/A       100%        3
 Dispersal                Tloc           0%         N/A       100%        6


Dungeon Overview and Level Annotations

Branches:
Dungeon (8/15)            Ossuary (visited)
 Temple: D:4-7         Lair: D:8-11

Altars:
Trog

Shops:
D:2 =


Message History

The wolf barely misses you. You block the wolf's attack.
The electric eel shoots out a bolt of lightning at you!
The bolt of electricity hits you!
* * * LOW HITPOINT WARNING * * *
You block the wolf's attack.
You hit the wolf.
The wolf is almost dead.
You barely miss the wolf.
The wolf bites you but does no damage. x2
The electric eel shoots out a bolt of lightning at you!
The bolt of electricity hits you!
* * * LOW HITPOINT WARNING * * *
You block the wolf's attack.
You feel much better.
The wolf bites you but does no damage. x3
You slash the wolf!
You kill the wolf!
Trog accepts your kill.
You slash the wolf! You slash the hound! The wolf bites you.
You block the hound's attack. The wolf barely misses you.
You block the hound's attack.
You slice the hound!!
You kill the hound!
Trog accepts your kill.
You hit the wolf but do no damage. You block the wolf's attack.
The electric eel shoots out a bolt of lightning at you!
The bolt of electricity hits you!
The electric eel shoots out a bolt of lightning at you!
The bolt of electricity hits you! The wolf bites you!
* * * LOW HITPOINT WARNING * * *
The electric eel shoots out a bolt of lightning at you!
The bolt of electricity misses you.
You see here a hound corpse.
You slash the wolf!
You kill the wolf!
Trog accepts your kill.
The electric eel shoots out a bolt of lightning at you!
The bolt of electricity hits you!
* * * LOW HITPOINT WARNING * * *
The electric eel shoots out a bolt of lightning at you!
The bolt of electricity hits you!
You die...

#......#.# #..
#.##.#†#.####...#
#.##.†.†........#
#.####†#.###....# #.#
#.........## #####.#
######..!.# ......#
####.#..#####
#####.######............
# #........†..@....... #
..###..#...††~...S~.. #
. #.......~~.~.~≈≈~ # .
#..#<.S.~≈.~.≈≈≈~
.#...#.#...≈≈~~~.~≈~~
##.##.##..~≈≈≈~.≈≈≈.
#.##=##...≈≈≈~.~~.~
#.##.##...~≈~~..~~≈
#.##.##..~~~...~.≈


You could see 2 electric eels.

Vanquished Creatures
  A troll (D:8)
  Sigmund (D:4)
  6 yaks (D:8)
  2 water moccasins (D:7)
  An ice beast (D:7)
  An orc warrior (D:7)
  4 wolves (D:8)
  An ogre (D:4)
  A kobold brigand (D:7)
  A bullfrog (D:8)
  A scorpion (D:7)
  2 orc priests (D:8)
  4 hounds
  Terence (D:3)
  4 orc wizards
  A mummy (Ossuary)
  An adder (D:2)
  A shadow imp (D:7)
  2 dart slugs
  11 orcs
  3 spectral bats (Ossuary)
  3 ball pythons
  A bat (D:1)
  8 endoplasms
  A giant cockroach (D:2)
  9 goblins
  6 hobgoblins
  3 jackals (D:2)
  A quokka (D:1)
  7 bat simulacra (Ossuary)
  2 frilled lizards
  8 gnoll zombies (Ossuary)
  A goblin simulacrum (Ossuary)
  6 goblin zombies (Ossuary)
  7 hobgoblin zombies (Ossuary)
  11 kobolds
  3 kobold simulacra (Ossuary)
  3 kobold zombies (Ossuary)
  2 orc zombies (Ossuary)
  3 spectral goblins (Ossuary)
  4 spectral kobolds (Ossuary)
  3 spectral rats (Ossuary)
142 creatures vanquished.

Notes
Turn   | Place    | Note
-------+----------+-------------------------------------------
     0 | D:1      | ArchdukeBanana the Hill Orc Fighter began the quest for the
                  | Orb.
     0 | D:1      | Reached XP level 1. HP: 19/19 MP: 1/1
    57 | D:1      | Reached XP level 2. HP: 27/27 MP: 2/2
   155 | D:1      | Reached skill level 3 in Axes
   400 | D:2      | Reached XP level 3. HP: 33/33 MP: 3/3
   410 | D:2      | Found a faded altar of an unknown god.
   895 | D:2      | Found Udaibeh's Jewellery Shoppe.
   908 | D:2      | Reached XP level 4. HP: 40/40 MP: 4/4
   943 | D:3      | Noticed Terence
   952 | D:3      | Killed Terence
   953 | D:3      | Reached skill level 4 in Axes
  1275 | D:3      | Found a bloodstained altar of Trog.
  1284 | D:3      | Became a worshipper of Trog the Wrathful
  1384 | D:4      | Noticed an ogre
  1388 | D:4      | Reached XP level 5. HP: 47/47 MP: 5/5
  1392 | D:4      | Killed an ogre
  1393 | D:4      | Reached skill level 5 in Axes
  1399 | D:4      | Noticed Sigmund
  1410 | D:4      | Killed Sigmund
  1411 | D:4      | Reached skill level 6 in Axes
  1411 | D:4      | Reached XP level 6. HP: 27/55 MP: 6/6
  1470 | D:4      | You fall into a shaft and drop 3 floors!
  1502 | D:7      | Reached skill level 7 in Axes
  1502 | D:7      | Reached XP level 7. HP: 46/60 MP: 7/7
  1505 | D:7      | Reached skill level 5 in Fighting
  1541 | D:7      | Reached skill level 8 in Axes
  2243 | D:7      | Reached skill level 9 in Axes
  2243 | D:7      | Reached XP level 8. HP: 68/69 MP: 8/8
  2275 | D:8      | Reached * piety under Trog
  2294 | D:8      | Reached skill level 5 in Armour
  2332 | D:8      | Noticed a yak
  2332 | D:8      | Noticed a yak
  2334 | D:8      | Noticed a yak
  2334 | D:8      | Noticed a yak
  2336 | D:8      | Noticed a yak
  2337 | D:8      | Noticed a yak
  2341 | D:8      | Killed a yak
  2341 | D:8      | Killed a yak
  2341 | D:8      | Killed a yak
  2342 | D:8      | Reached skill level 10 in Axes
  2342 | D:8      | Reached skill level 1 in Throwing
  2342 | D:8      | Reached skill level 1 in Dodging
  2342 | D:8      | Reached skill level 5 in Shields
  2344 | D:8      | Killed a yak
  2345 | D:8      | Reached skill level 11 in Axes
  2345 | D:8      | Reached XP level 9. HP: 10/75 MP: 9/9
  2353 | D:8      | Noticed a troll
  2419 | D:8      | Found a sand-covered staircase.
  2423 | Ossuary  | Entered an ossuary
  2535 | Ossuary  | Reached ** piety under Trog
  2733 | D:8      | Identified the +12 sling "Josur" {elec, Will+ Str-5 Stlth+}
  2879 | D:8      | Reached skill level 12 in Axes
  2911 | D:8      | Killed a troll
  2920 | D:8      | Killed from afar by an electric eel

Illustrated notes

Levels and vault maps discovered:
D:1:      mrwooster_arrival_statue_3, layout_basic
D:2:      layout_loops_cross, serial_shops, shop,
          dreamdust_ecumenical_altar_angels_and_demons, uniq_robin
D:3:      cheibrodos_fertilizer, layout_basic, lemuel_crystal_altar,
          uniq_terence
D:4:      layout_basic, mainiacjoe_overflow_alcove_2,
          minmay_temple_entry_antechambers, nicolae_shop_i_like_small_books_too,
          reono_crystal_passage, uniq_sigmund, uniq_eustachio
D:7:      layout_basic, led_sif_pool, dk_noncrumbling_4
D:8:      layout_loops_ring, erik_lair_island, enter_ossuary_5

Skill      XL: |  1  2  3  4  5  6  7  8  9 |
---------------+----------------------------+-----
Axes           | 3 4 6 7 9 11 12 | 12.4
Fighting       | 4 5 6 |  6.7
Shields        | 4 5 |  5.9
Armour         | 4 5 6 |  6.5
Throwing       | 1 |  1.1
Dodging        | 1 |  1.0
Stealth        | |  0.5

Action                     |  1- 3 |  4- 6 |  7- 9 || total
---------------------------+-------+-------+-------++-------
  Melee: War axe           |    69 |    53 |   199 ||   321
  Throw: Javelin           |       |     3 |       ||     3
         Dart              |       |       |    11 ||    11
    Use: Scroll            |     3 |     3 |     3 ||     9
         Potion            |     1 |       |     4 ||     5
 Armour: Scale mail        |    39 |    18 |     4 ||    61
         Plate armour      |       |       |    75 ||    75
  Dodge: Dodged            |    20 |    12 |    37 ||    69
  Block: Buckler           |    12 |    19 |    86 ||   117
